 Dungeon Crawl Stone Soup version 0.16.1-4-g8e1b745 (console) character file.

263 Monkaria the Slasher (level 5, -10/48 HPs)
             Began as a Minotaur Fighter on Mar 27, 2015.
             Killed by divine providence
             ... invoked by an orc priest
              (14 damage)
             ... on level 4 of the Dungeon.
             The game lasted 00:03:16 (2018 turns).

Monkaria the Slasher (Minotaur Fighter)             Turns: 2018, Time: 00:03:16

Health: -10/48     AC:  8    Str: 20    XL:     5   Next: 97%
Magic:  2/2        EV:  7    Int:  5    God:
Gold:   167        SH:  9    Dex: 11    Spells: 0 memorised, 4 levels left

rFire  . . .     SeeInvis +     a - +0 long sword
rCold  . . .     Clarity  +     b - +0 scale mail
rNeg   . . .     SustAb   .     c - +0 shield
rPois  +         Gourm    .     (helmet restricted)
rElec  .         Spirit   .     l - +0 cloak
rCorr  .         Warding  .     (no gloves)
rMut   .         Stasis   .     (no boots)
MR     .....                    C - amulet of clarity
Stlth  ..........               t - ring of poison resistance
                                o - ring of see invisible

@: not resistant to hostile enchantments, extremely unstealthy
A: retaliatory headbutt, horns 2
a: no special abilities


You were on level 4 of the Dungeon.
You were not hungry.

You visited 1 branch of the dungeon, and saw 4 of its levels.

You collected 167 gold pieces.

Inventory:

Hand weapons
 a - a +0 long sword (weapon)
Missiles
 y - 4 needles of sleeping
Armour
 b - a +0 scale mail (worn)
 c - a +0 shield (worn)
 l - a +0 cloak (worn)
Jewellery
 n - an uncursed amulet of warding
 o - a ring of see invisible (left hand)
 t - a ring of poison resistance (right hand)
 A - a +3 ring of intelligence
 C - an amulet of clarity (around neck)
Magical devices
 u - a wand of cold (7)
Scrolls
 g - a scroll of fear {unknown}
 h - 2 scrolls of remove curse {unknown}
 i - 2 scrolls of random uselessness {unknown}
 j - 5 scrolls of amnesia {unknown}
 k - a scroll of recharging {unknown}
 x - a scroll of fog {unknown}
 B - a scroll of identify {unknown}
 D - a scroll of enchant armour {unknown}
Potions
 e - 2 potions of might
 f - a potion of beneficial mutation {unknown}
 p - 2 potions of curing {unknown}
 q - a potion of agility {unknown}
 r - a potion of degeneration {unknown}
 s - a potion of resistance {unknown}
 z - a potion of magic {unknown}
Comestibles
 d - 3 bread rations
 m - a meat ration
 v - 2 chunks of flesh
 w - 4 fruits


   Skills:
 + Level 5.3 Fighting
 * Level 6.4 Long Blades
 - Level 3.6 Armour
 - Level 3.6 Shields


You had 4 spell levels left.
You didn't know any spells.

Dungeon Overview and Level Annotations

Branches:
Dungeon (4/15)             Temple (0/1) D:4

Altars:
Cheibriados
Kikubaaqudgha
Nemelex Xobeh
Ru
Sif Muna


Innate Abilities, Weirdness & Mutations

You reflexively headbutt those who attack you in melee.
You have a pair of horns on your head.


Message History

Pain shoots through your body!
* * * LOW HITPOINT WARNING * * *
You block the orc's attack. The orc hits you but does no damage.
The orc priest completely misses you. You furiously retaliate!
You headbutt the orc priest, but do no damage.
You hit the orc.
The orc is severely wounded.
The orc barely misses you. The orc hits you but does no damage.
The orc hits you but does no damage.
The orc priest hits you but does no damage.
You hit the orc!
You kill the orc!
The orc completely misses you. You furiously retaliate!
You headbutt the orc.
You kill the orc!
Unknown command.
You barely miss the orc priest. You headbutt the orc priest!
The orc priest is heavily wounded.
The orc priest calls down the wrath of Beogh upon you.
Something smites you!
You die...

####.##.### #.........
^..........#####.....##.#
####(##...†..<...#.###..
#.......†....##.# ###
#########.########.#
#P...P #.# #.# #..P..#
#.# #.# ##.P>P.)##.# #.#
#..PPP.[@..# #.#
#......o##.#### #.#
....... #....# #.#
####### ####.# #.# #.#
#.# ###.# #.# #...# ##.##
######.### ##...##
#..†....# ##.....##


You could see an orc priest.

Vanquished Creatures
  A scorpion (D:4)
  A centaur skeleton (D:4)
  A giant frog skeleton (D:4)
  2 worker ants (D:4)
  5 adders
  A gnoll (D:3)
  A worm (D:4)
  3 giant geckos
  7 orcs
  2 ball pythons
  4 giant cockroaches
  5 hobgoblins
  4 jackals (D:4)
  An ooze (D:2)
  8 bats
  3 giant newts
  9 goblins
  2 kobolds (D:3)
  2 quokkas
  7 rats
69 creatures vanquished.

Vanquished Creatures (others)
  A giant gecko (D:3)
  A kobold (D:3)
2 creatures vanquished.

Grand Total: 71 creatures vanquished

Notes
Turn   | Place    | Note
--------------------------------------------------------------
     0 | D:1      | Monkaria, the Minotaur Fighter, began the quest for the Orb.
     0 | D:1      | Reached XP level 1. HP: 19/19 MP: 1/1
   146 | D:1      | Reached XP level 2. HP: 21/27 MP: 1/1
   791 | D:2      | Reached skill level 4 in Fighting
   791 | D:2      | Reached XP level 3. HP: 33/33 MP: 2/2
   871 | D:2      | Found a snail-covered altar of Cheibriados.
   876 | D:2      | Found a deep blue altar of Sif Muna.
   876 | D:2      | Found a sacrificial altar of Ru.
   889 | D:2      | Found an ancient bone altar of Kikubaaqudgha.
   893 | D:2      | Found a sparkling altar of Nemelex Xobeh.
  1309 | D:3      | Reached XP level 4. HP: 39/41 MP: 2/2
  1727 | D:3      | Reached skill level 5 in Long Blades
  1888 | D:4      | Reached XP level 5. HP: 28/47 MP: 2/2
  1939 | D:4      | Reached skill level 5 in Fighting
  1951 | D:4      | Reached skill level 6 in Long Blades
  2006 | D:4      | Found a staircase to the Ecumenical Temple.
  2018 | D:4      | Killed from afar by an orc priest

Action                   |  1- 3 |  4- 6 || total
-------------------------+-------+-------++-------
Melee: Long sword        |    82 |    95 ||   177
  Eat: Chunk             |       |     4 ||     4
